 Dungeon Crawl Stone Soup version 0.23-a0-484-g29ba69c (webtiles) character file.

662 Firecrotchwizard the Slasher (level 7, -10/39 HPs)
             Began as a Vine Stalker Fighter on Dec 1, 2018.
             Mangled by an ogre
             ... wielding a +0 giant club
              (17 damage)
             ... on level 5 of the Dungeon.
             The game lasted 00:07:09 (4249 turns).

Firecrotchwizard the Slasher (Vine Stalker Fighter) Turns: 4249, Time: 00:07:10

Health: -10/39     AC:  7    Str: 20    XL:     7   Next: 56%
Magic:  0/17       EV:  7    Int:  8    God:
Gold:   246        SH:  9    Dex: 14    Spells: 6/6 levels left

rFire    . . .     SeeInvis .   a - +0 long sword
rCold    . . .     Gourm    .   c - +0 shield
rNeg     . . .     Faith    .   b - +0 scale mail
rPois    .         Spirit   +   (no helmet)
rElec    .         Reflect  .   (no cloak)
rCorr    .         Harm     .   q - +0 pair of gloves
MR       .....                  (no boots)
Stlth    ..........             (no amulet)
HPRegen  0.53/turn              o - ring of magical power {MP+9}
MPRegen  0.15/turn              (no ring)

@: no status effects
A: fangs 2, regeneration 1, magic shield, antimagic bite, no potion heal 3, rot
immunity
a: no special abilities


You were on level 5 of the Dungeon.
You were not hungry.

You visited 1 branch of the dungeon, and saw 5 of its levels.

You collected 246 gold pieces.

Inventory:

Hand Weapons
 a - a +0 long sword (weapon)
 k - a +1 short sword of speed
   (You took it off a kobold on level 1 of the Dungeon)
Armour
 b - a +0 scale mail (worn)
 c - a +0 shield (worn)
 q - a +0 pair of gloves (worn)
   (You found it on level 4 of the Dungeon)
 r - a +2 hat
   (You found it on level 4 of the Dungeon)
Jewellery
 o - a ring of magical power (left hand) {MP+9}
   (You found it on level 3 of the Dungeon)
 s - an uncursed ring of fire {rF+, rC-}
   (You took it off an orc on level 4 of the Dungeon)
Scrolls
 g - 3 scrolls of identify {unknown}
 i - a scroll of amnesia {unknown}
 j - 5 scrolls of teleportation {unknown}
 l - 3 scrolls of fog {unknown}
 n - a scroll of immolation {unknown}
 t - a scroll of magic mapping {unknown}
 u - 3 scrolls of enchant armour {unknown}
Potions
 d - a potion of might
 e - 2 potions of flight {unknown}
 h - 4 potions of curing {unknown}
 p - a potion of agility {unknown}
Comestibles
 f - 9 rations
 m - 3 chunks of flesh {@w0}


   Skills:
 + Level 5.0 Fighting
 * Level 6.2 Long Blades
 - Level 2.4 Armour
 - Level 2.6 Shields


You had 6 spell levels left.
You didn't know any spells.
Your spell library was empty.

Dungeon Overview and Level Annotations

Branches:
Dungeon (5/15)
 Temple: D:4-7

Altars:
Ru
Yredelemnul


Innate Abilities, Weirdness & Mutations

You have extremely sharp teeth.
Your natural rate of healing is unusually fast.
When hurt, damage is shared between your health and your magic reserves.
Your bite disrupts and absorbs the magic of your enemies.
Potions cannot restore your health.
You are immune to rotting.


Message History

You see here a ring mail.
There is a shaft here.
You start waiting.
Eating one of 2 chunks of flesh {@w0}.
You eat one of the 2 chunks of flesh {@w0}.
Done waiting.
You see here a ring mail.
The howler monkey howls!
You hear an angry hiss.
The howler monkey hoots and howls with incredible vigour!
You hear a shout!
You hear an angry hiss.
You hear a shout! x4
The howler monkey hoots and howls with incredible vigour!
You hear a shout! x2
You closely miss the howler monkey. You bite the howler monkey.
You drain its power. The howler monkey hits you.
An adder comes into view.
You take 2 damage, and have 36/38 hp.
You now have 16/17 mp.
You slash the howler monkey! The howler monkey hits you.
The howler monkey hits you but does no damage.
You take 1 damage, and have 35/38 hp.
You now have 15/17 mp.
You hit the howler monkey but do no damage.
Your bite misses the howler monkey. The howler monkey barely misses you.
You riposte.
You closely miss the howler monkey. You bite the howler monkey.
You drain its power.
You feel invigorated.
MP restored: 17 You closely miss the howler monkey.
The howler monkey hoots and howls with incredible vigour!
You block the howler monkey's attack.
You hear a shout!
You hit the howler monkey but do no damage.
Your bite misses the howler monkey. The howler monkey barely misses you.
You slash the howler monkey!
You kill the howler monkey!
You block the adder's attack.
You hit the adder. You bite the adder. You drain its power.
The adder barely misses you.
Health restored: 38 You slash the adder!
You kill the adder!
An ice beast comes into view.
You see here an adder corpse.
You butcher the adder corpse.
Things that are here:
2 chunks of flesh {@w0}; an adder skeleton
m - 3 chunks of flesh {@w0} (gained 2)
You hit the ice beast but do no damage. Your bite misses the ice beast.
The ice beast hits you but does no damage.
An ogre comes into view. It is wielding a +0 giant club.
The ogre shouts!
You slash the ice beast! Your bite misses the ice beast.
The ice beast hits you but does no damage.
You completely miss the ice beast. Your bite misses the ice beast.
The ice beast hits you but does no damage.
An orc comes into view.
It is wielding the +5 dagger "Xemi" {elec, MP+9 Int+7 The ice beast hits you but does no damage.
You hit the ice beast. You bite the ice beast. You drain its power.
An iguana comes into view.
The ice beast hits you. The ice beast freezes you!
You take 11 damage, and have 27/38 hp.
MASSIVE DAMAGE!!
You now have 12/17 mp.
You barely miss the ice beast.
The iguana hisses angrily.
You bite the ice beast, but do no damage.
The ice beast hits you but does no damage.
You closely miss the ice beast. You bite the ice beast. You drain its power.
You feel invigorated.
The ice beast hits you but does no damage.
You hit the ice beast.
You bite the ice beast, but do no damage.
The ice beast hits you. The ice beast freezes you!
An adder skeleton comes into view.
You take 10 damage, and have 18/38 hp.
MASSIVE DAMAGE!!
You now have 9/17 mp.
You barely miss the ice beast.
You bite the ice beast, but do no damage.
The ice beast barely misses you.
You closely miss the ice beast. You bite the ice beast. You drain its power.
You feel invigorated. You block the ice beast's attack.
You regained 3 mp, and now have 12/17 mp.
You closely miss the ice beast. Your bite misses the ice beast.
You block the ice beast's attack. The ice beast completely misses you.
You hit the ice beast but do no damage. Your bite misses the ice beast.
The ice beast hits you but does no damage.
You hit the ice beast. You bite the ice beast. You drain its power.
You feel invigorated. You block the ice beast's attack.
You regained 3 mp, and now have 16/17 mp.
You hit the ice beast.
You kill the ice beast!
Your Fighting skill increases to level 5!
Your Long Blades skill increases to level 6!
The ogre hits you with a +0 giant club!
You take 9 damage, and have 12/39 hp.
MASSIVE DAMAGE!!
You now have 9/17 mp.
You slash the ogre! The ogre hits you with a +0 giant club!
* * * LOW HITPOINT WARNING * * *
You take 5 damage, and have 7/39 hp.
You now have 4/17 mp.
You slash the ogre! Your bite misses the ogre.
The ogre hits you with a +0 giant club!!
You die...

#. #. #. #####.
#####...[. # ..##.####
#. #.##.#
####..############.##.#
.:....loO@............#
###...Z#####.#####.##.#
#.... #.# #.##.# #.#..
#.. ..##.# #. ... #.##
#####.# .. .... #.# #.#
# ..... ... ..# ##.#.#
### ##


You could see an ogre, an iguana, an orc and an adder skeleton.

Vanquished Creatures
  An ice beast (D:5)
  A phantom (D:4)
  A howler monkey (D:5)
  A jelly (D:5)
  An orc priest (D:5)
  A hound (D:4)
  2 iguanas (D:4)
  A worker ant (D:4)
  2 orc wizards
  A worker ant zombie (D:5)
  6 adders
  5 gnolls
  2 oozes
  An adder skeleton (D:5)
  4 worms
  A leopard gecko (D:3)
  6 orcs
  2 ball pythons (D:4)
  11 giant cockroaches
  8 goblins
  7 hobgoblins
  2 jackals (D:2)
  2 quokkas
  6 bats
  4 frilled lizards
  9 kobolds
  13 rats
101 creatures vanquished.

Notes
Turn   | Place    | Note
-------+----------+-------------------------------------------
     0 | D:1      | Firecrotchwizard the Vine Stalker Fighter began the quest
                  | for the Orb.
     0 | D:1      | Reached XP level 1. HP: 11/11 MP: 2/2
    78 | D:1      | You fall through a shaft!
   111 | D:2      | Reached skill level 2 in Long Blades
   161 | D:2      | Reached XP level 2. HP: 14/16 MP: 3/3
   347 | D:1      | Reached skill level 3 in Fighting
   414 | D:1      | Reached XP level 3. HP: 17/20 MP: 4/4
   420 | D:1      | Reached skill level 3 in Long Blades
  1178 | D:2      | Found a basalt altar of Yredelemnul.
  1236 | D:2      | Gained mutation: Your natural rate of healing is unusually
                  | fast. [Vine Stalker growth]
  1236 | D:2      | Reached XP level 4. HP: 22/24 MP: 3/5
  2603 | D:3      | Reached XP level 5. HP: 21/28 MP: 6/6
  2651 | D:3      | Reached skill level 4 in Long Blades
  3219 | D:4      | Noticed a phantom
  3249 | D:4      | Killed a phantom
  3249 | D:4      | Reached skill level 4 in Fighting
  3249 | D:4      | Reached XP level 6. HP: 13/33 MP: 7/7
  3388 | D:4      | Reached skill level 5 in Long Blades
  3508 | D:4      | Found a sacrificial altar of Ru.
  3840 | D:5      | Entered Level 5 of the Dungeon
  3911 | D:5      | Reached XP level 7. HP: 32/38 MP: 8/8
  4236 | D:5      | Identified the +5 dagger "Xemi" {elec, MP+9 Int+7 Stlth-}
  4247 | D:5      | Reached skill level 5 in Fighting
  4247 | D:5      | Reached skill level 6 in Long Blades
  4248 | D:5      | HP: 7/39 [ogre/+0 giant club (6)]
  4249 | D:5      | Mangled by an ogre

Vault maps used:
D:1:      minmay_arrival_split_and_join, minmay_misc_feat_diagonals,
          chequers_serial_rivers_small_a
D:2:      lemuel_doored_altar, first_ration
D:3:      kennysheep_big_flooded_room
D:4:      nicolae_ru_great_annihilating_truth
D:5:      nicolae_overflow_crystal_walls, uniq_pikel

Skill      XL: |  1  2  3  4  5  6  7 |
---------------+----------------------+-----
Long Blades    | 2 3 4 5 6 |  6.2
Fighting       | 3 4 5 |  5.0
Armour         | |  2.4
Shields        | |  2.6

Action                   |  1- 3 |  4- 6 |  7- 9 || total
-------------------------+-------+-------+-------++-------
Melee: Long sword        |    65 |   190 |    42 ||   297
       Bite              |    24 |    57 |    14 ||    95
       Short sword       |    20 |       |       ||    20
 Stab: Paralysed         |       |     1 |       ||     1
  Eat: Chunk             |     1 |     9 |     1 ||    11
Armor: Scale mail        |    36 |    63 |    17 ||   116
Dodge: Dodged            |    15 |    47 |     6 ||    68
Block: Shield            |    41 |    80 |     8 ||   129
       Rpst.: Long sword |     3 |    12 |     1 ||    16

Table legend:
 A = Non-vault XP
 B = Vault XP
 C = Vault XP percentage of total XP
 D = Non-vault monster count
 E = Vault monster count
 F = Vault count percentage of total count
                 A         B        C        D         E       F
            +---------+---------+-------+---------+---------+-------
      Total |     926 |      21 |   2.2 |      95 |       6 |   5.9
            +---------+---------+-------+---------+---------+-------
        D:1 |      51 |       0 |   0.0 |      21 |       0 |   0.0
        D:2 |      54 |       0 |   0.0 |      25 |       0 |   0.0
        D:3 |      99 |       3 |   2.9 |      21 |       2 |   8.7
        D:4 |     374 |      18 |   4.6 |      18 |       4 |  18.2
        D:5 |     348 |       0 |   0.0 |      10 |       0 |   0.0
            +---------+---------+-------+---------+---------+-------

Vault maps used:
D:1:      minmay_arrival_split_and_join, minmay_misc_feat_diagonals,
          chequers_serial_rivers_small_a
D:2:      lemuel_doored_altar, first_ration
D:3:      kennysheep_big_flooded_room
D:4:      nicolae_ru_great_annihilating_truth
D:5:      nicolae_overflow_crystal_walls, uniq_pikel

Table legend:
 A = Turns spent in this place as a percentage of turns spent in the entire game.
 B = Non-inter-level travel turns spent in this place as a percentage of non-inter-level travel turns spent in the entire game.
 C = Inter-level travel turns spent in this place as a percentage of turns spent in this place.
 D = Turns resting spent in this place as a percentage of non-inter-level travel turns spent in this place.
 E = Turns spent auto-exploring this place as a percentage of non-inter-level travel turns spent in this place.
 F = Non-inter-level travel turns spent in this place divided by the number of levels of this place that you've seen.
                   A       B       C       D       E      F
               +-------+-------+-------+-------+-------+----------------------
         Total | 100.0 | 100.0 |   5.4 |  22.9 |  58.5 | 803.8
       Dungeon | 100.0 | 100.0 |   5.4 |  22.9 |  58.5 | 803.8
               +-------+-------+-------+-------+-------+----------------------

Table legend:
 A = Kills in this place as a percentage of kills in entire the game.
 B = Kills by you in this place as a percentage of kills by you in the entire game.
 C = Kills by friends in this place as a percentage of kills by friends in the entire game.
 D = Other kills in this place as a percentage of other kills in the entire game.
 E = Experience gained in this place as a percentage of experience gained in the entire game.
 F = Experience gained in this place divided by the number of levels of this place that you have seen.
                   A       B       C       D       E      F
               +-------+-------+-------+-------+-------+----------------------
         Total | 100.0 | 100.0 |   N/A |   N/A | 100.0 | 189.4
       Dungeon | 100.0 | 100.0 |   N/A |   N/A | 100.0 | 189.4
               +-------+-------+-------+-------+-------+----------------------
